cohdb
Replays
Latest Replays
All Replays
Popular Replays
Top Player Replays
Match Explorer
How It Works
Community
CoH3 Stats
Reddit
Sign in to upload your games and track your stats! →
Sign in with Steam
Match 37462104
Unlisted
Match 37462104
Overview
Messages
Build Orders
End
Scout Squad
Construct Barracks
Construct Barracks
Selects Armored Battlegroup
Riflemen Squad
Riflemen Squad
Riflemen Squad
M1 Mortar Team
Grenade Package
Construct Medical Station
Air Support Center
Selects Veteran Crews
Construct Motor Pool
P-47 Strafing Run
Grasshopper Recon Run
P-47 Dive Bomb
M8 Greyhound Armored Car
Selects Fast Deploy
Selects M31 Recovery Vehicle
Air Supply
P-47 Strafing Run
Engineer Squad
M1918 Browning Automatic Rifles
Selects War Machine
Grasshopper Recon Run
M24 Chaffee Light Tank
Sparkle
Mo-J
Wheeler
Eisenkreuzkrieger
Sheogorath-Sama
Jally Compton
0
0
Comments
sign in to comment!
No comments posted yet!